 Dungeon Crawl Stone Soup version 0.19.5 (webtiles) character file.

83 sveltemanboy the Stinger (level 4, -3/32 HPs)
             Began as a Demonspawn Venom Mage on Mar 19, 2017.
             Slain by Sigmund
             ... wielding a +0 scythe
              (7 damage)
             ... on level 2 of the Dungeon.
             The game lasted 00:08:30 (2112 turns).

sveltemanboy the Stinger (Demonspawn Venom Mage)    Turns: 2112, Time: 00:08:30

Health: -3/32      AC:  2    Str:  8    XL:     4   Next: 22%
Magic:  0/7        EV: 12    Int: 18    God:
Gold:   47         SH:  0    Dex: 13    Spells: 2 memorised, 3 levels left

rFire  . . .     SeeInvis .     (no weapon)
rCold  . . .     Gourm    .     a - +0 robe
rNeg   . . .     Faith    .     (no shield)
rPois  .         Spirit   +     (helmet restricted)
rElec  .         Reflect  .     (no cloak)
rCorr  .         Harm     .     (no gloves)
MR     .....                    (no boots)
Stlth  ++........               (no amulet)
                                (no ring)
                                (no ring)

@: no status effects
A: horns 1, magic shield, rot immunity
a: no special abilities


You were on level 2 of the Dungeon.
You were hungry.

You visited 1 branch of the dungeon, and saw 2 of its levels.

You collected 47 gold pieces.

Inventory:

Armour
 a - a +0 robe (worn)
Scrolls
 e - a scroll of identify {unknown}
 f - 2 scrolls of noise {unknown}
 g - 2 scrolls of teleportation {unknown}
 h - a scroll of recharging {unknown}
 l - a scroll of remove curse {unknown}
 m - a scroll of fear {unknown}
 p - a scroll of enchant armour {unknown}
Potions
 i - 2 potions of beneficial mutation {unknown}
 k - a potion of heal wounds {unknown}
 n - a potion of might {unknown}
Books
 b - a Young Poisoner's Handbook

   Spells                             Type                      Level
   a - Sting                          Conjuration/Poison           1
   b - Mephitic Cloud                 Conjuration/Poison/Air       3
   c - Olgreb's Toxic Radiance        Poison                       4
   d - Alistair's Intoxication        Transmutation/Poison         5
   e - Venom Bolt                     Conjuration/Poison           5
Comestibles
 c - 2 bread rations
 d - 2 beef jerkies
 j - a meat ration
 o - 4 fruits


   Skills:
 - Level 1.0 Fighting
 - Level 1.7 Dodging
 - Level 1.7 Stealth
 + Level 2.2 Spellcasting
 * Level 3.5 Conjurations
 - Level 4.0 Poison Magic


You had 3 spell levels left.
You knew the following spells:

 Your Spells              Type           Power        Failure   Level  Hunger
a - Sting                 Conj/Pois      ###.         4%          1    #......
b - Mephitic Cloud        Conj/Pois/Air  ##......     21%         3    ###....


Dungeon Overview and Level Annotations

Branches:
Dungeon (2/15)

Altars:

Annotations:
D:2 Sigmund


Innate Abilities, Weirdness & Mutations

You have a pair of small horns on your head.
When hurt, damage is shared between your health and your magic reserves.
You are immune to rotting.


Message History

Aim: Sigmund, wielding a scythe and wearing a glowing robe (moderately wounded)
The sting hits Sigmund.
Sigmund is poisoned.
Sigmund is heavily wounded.
Sigmund mumbles some strange words.
Sigmund flickers and vanishes!
Deactivating autopickup; reactivate with Ctrl-A.
You hit something. You headbutt something. Something hits you!
* * * LOW HITPOINT WARNING * * *
You hit something. You hit something but do no damage.
Your headbutt misses something. Something hits you.
* * * LOW HITPOINT WARNING * * *
You closely miss something.
You hear some strange, mumbled words.
Something tries to affect you, but you resist.
You hit something but do no damage. Something hits you.
* * * LOW HITPOINT WARNING * * *
You barely miss something. You miss something. Something hits you!
You die...

.............##.......#.#
#.#
####.........##########..#
#)#
#.........###########.#
#.#
##.......###......$.#..
#.# #########
#........##.# #.# .#
#......... .. .# .# #
#......♣ .#.# ##.....♣
.#.###########.{@...♣
....##.......#......♣#
....##.#####(#.......♣
....##.# #............
[...##.# ###........#.
.......# #..†?....#
.......# #........#
..)..)## #........#
.....## #........#


There were no monsters in sight!

Vanquished Creatures
  Terence (D:2)
  A gnoll (D:1)
  An ooze (D:2)
  A worm (D:2)
  3 giant cockroaches
  6 goblins
  3 hobgoblins
  2 jackals (D:1)
  A quokka (D:2)
  9 bats
  3 frilled lizards
  7 kobolds
  5 rats
43 creatures vanquished.

Notes
Turn   | Place    | Note
-------+----------+-------------------------------------------
     0 | D:1      | sveltemanboy the Demonspawn Venom Mage began the quest for the Orb.
     0 | D:1      | Reached XP level 1. HP: 13/13 MP: 3/3
   336 | D:1      | Reached skill level 1 in Conjurations
   406 | D:1      | Gained mutation: You are immune to rotting. [demonic ancestry]
   406 | D:1      | Reached XP level 2. HP: 13/20 MP: 1/5
   714 | D:1      | Reached skill level 1 in Fighting
   904 | D:1      | Gained mutation: You have a pair of small horns on your head. [demonic ancestry]
   904 | D:1      | Reached XP level 3. HP: 26/26 MP: 2/6
  1068 | D:1      | Learned a level 3 spell: Mephitic Cloud
  1624 | D:2      | Noticed Terence
  1825 | D:2      | Killed Terence
  1825 | D:2      | Gained mutation: When hurt, damage is shared between your health and your magic reserves. [demonic ancestry]
  1825 | D:2      | Reached XP level 4. HP: 32/32 MP: 0/7
  2084 | D:2      | Noticed Sigmund
  2112 | D:2      | Slain by Sigmund

Skill      XL: |  1  2  3 |
---------------+----------+-----
Conjurations   | 1 2 3 |  3.5
Fighting       | 1 |  1.0
Dodging        | |  1.7
Stealth        | |  1.7
Spellcasting   | |  2.2
Poison Magic   | |  4.0

Action                   |  1- 3 |  4- 6 || total
-------------------------+-------+-------++-------
Melee: Unarmed           |    45 |    20 ||    65
       Headbutt          |     4 |     4 ||     8
 Cast: Sting             |    68 |    14 ||    82
       Mephitic Cloud    |     3 |     2 ||     5
 Stab: Confused          |     1 |     1 ||     2
  Eat: Chunk             |     4 |     1 ||     5
Armor: Robe              |    16 |     1 ||    17
Dodge: Dodged            |    32 |     3 ||    35
